 Dungeon Crawl Stone Soup version 0.18.1-48-g4cf74bf (webtiles) character file.

24 mopl the Skirmisher (level 3, 0/18 HPs)
             Began as a Vine Stalker Wanderer on Sept 1, 2016.
             Succumbed to an orc's poison
             ... on level 2 of the Dungeon.
             The game lasted 00:01:44 (836 turns).

mopl the Skirmisher (Vine Stalker Wanderer)          Turns: 836, Time: 00:01:45

Health: 0/18       AC:  5    Str: 14    XL:     3   Next: 2%
Magic:  5/5        EV: 10    Int: 13    God:
Gold:   67         SH:  0    Dex: 13    Spells: 0 memorised, 4 levels left

rFire  . . .     SeeInvis .     a - +0 short sword (vamp)
rCold  . . .     Gourm    .     c - +0 ring mail
rNeg   . . .     Faith    .     (no shield)
rPois  .         Spirit   +     (no helmet)
rElec  .         Dismiss  .     (no cloak)
rCorr  .         Reflect  .     (no gloves)
SustAt .         Harm     .     (no boots)
MR     .....                    (no amulet)
Stlth  +.........               (no ring)
                                (no ring)

@: lethally poisoned (0 -> -5), not resistant to hostile enchantments, very
unstealthy
A: fangs 2, regeneration 1, magic shield, antimagic bite, no device heal 3, rot
immunity
a: no special abilities


You were on level 2 of the Dungeon.
You were not hungry.

You visited 1 branch of the dungeon, and saw 2 of its levels.

You collected 67 gold pieces.

Inventory:

Hand Weapons
 a - a +0 vampiric short sword (weapon)
Armour
 c - a +0 ring mail (worn)
Scrolls
 h - 3 scrolls of identify {unknown}
 j - a scroll of blinking {unknown}
 k - a scroll of remove curse {unknown}
Potions
 b - a potion of lignification {!q}
 e - a potion of heal wounds {unknown}
 g - 2 potions of flight {unknown}
Comestibles
 f - a meat ration


   Skills:
 + Level 2.2 Fighting
 + Level 0.1 Short Blades
   Level 1.0 Axes
 + Level 1.5 Throwing
 - Level 1.5 Armour
 + Level 1.8 Stealth
 - Level 1.1 Spellcasting
   Level 1.0 Charms
   Level 1.0 Air Magic
   Level 1.0 Evocations


You had 4 spell levels left.
You didn't know any spells.

Dungeon Overview and Level Annotations

Branches:
Dungeon (2/15)

Altars:


Innate Abilities, Weirdness & Mutations

You have extremely sharp teeth.
Your natural rate of healing is unusually fast.
When hurt, damage is shared between your health and your magic reserves.
Your bite disrupts and absorbs the magic of your enemies.
Potions and wands cannot restore your health.
You are immune to rotting.


Message History

Increase (S)trength, (I)ntelligence, or (D)exterity?
You feel agile.
You feel sick. The hobgoblin barely misses you. The orc misses you.
You feel sick.
There is a stone staircase leading up here.
You see here a hobgoblin corpse.
You feel sick.
Found a scroll labeled XILAURATTY.
* * * LOW HITPOINT WARNING * * *
You feel sick.
* * * LOW HITPOINT WARNING * * *
You feel sick.
* * * LOW HITPOINT WARNING * * *
You feel sick.
You see here a scroll labeled XILAURATTY.
* * * LOW HITPOINT WARNING * * *
You feel sick.
* * * LOW HITPOINT WARNING * * *
You feel sick.
You die...

######### #........
#........
##############........
#........o............
##.@.g?##.<........
####.###.#........ ###
#.)....#... #.######
...# ..#.# ..8.#.# 8.#
#. $#


You could see an orc and a hobgoblin.

Vanquished Creatures
  A worm (D:1)
  A giant gecko (D:1)
  An orc (D:2)
  4 goblins
  3 hobgoblins
  2 jackals (D:1)
  2 bats (D:1)
  A kobold (D:1)
  3 rats (D:1)
18 creatures vanquished.

Notes
Turn   | Place    | Note
--------------------------------------------------------------
     0 | D:1      | mopl the Vine Stalker Wanderer began the quest for the Orb.
     0 | D:1      | mopl set off with: a +2 hand axe, a potion of lignification {!q}, a +0 ring mail, a bread ration
     0 | D:1      | Reached XP level 1. HP: 11/11 MP: 3/3
   230 | D:1      | Reached skill level 2 in Fighting
   325 | D:1      | Reached skill level 1 in Stealth
   346 | D:1      | Reached XP level 2. HP: 13/15 MP: 2/4
   828 | D:2      | Reached XP level 3. HP: 10/18 MP: 5/5
   836 | D:2      | Succumbed to an orc's poison

Skill      XL: |  1 |
---------------+----+-----
Fighting       | 2 |  2.2
Stealth        | 1 |  1.8
Short Blades   | |  0.1
Axes           | |  1.0
Throwing       | |  1.5
Armour         | |  1.5
Spellcasting   | |  1.1
Charms         | |  1.0
Air Magic      | |  1.0
Evocations     | |  1.0

Action                   || total
-------------------------++-------
Melee: Hand axe          ||    42
       Bite              ||    16
       Short sword       ||    18
  Eat: Fruit             ||     3
       Bread ration      ||     1
Armor: Ring mail         ||    27
Dodge: Dodged            ||    28
